 Dungeon Crawl Stone Soup version 0.31-a0-45-g5f0c076935 (webtiles) character file.

Game seed: 7546790352432572511

95 blank1 the Covered (level 4, -1/41 HPs)
             Began as a Minotaur Fighter on May 21, 2023.
             Slain by a gnoll
             ... wielding a +0 halberd
              (12 damage)
             ... on level 3 of the Dungeon.
             The game lasted 00:02:28 (1534 turns).

blank1 the Covered (Minotaur Fighter)               Turns: 1534, Time: 00:02:29

Health: -1/41      AC:  7    Str: 23    XL:     4   Next: 40%
Magic:  3/3        EV: 10    Int:  5    God:
Gold:   111        SH:  4    Dex:  9    Spells: 3/3 levels left

rFire   . . .        a - +0 war axe
rCold   . . .        c - +0 buckler
rNeg    . . .        b - +0 scale mail
rPois   +            (helmet restricted)
rElec   .            (no cloak)
rCorr   .            (no gloves)
SInv    .            (no boots)
Will    +....        k - amulet of regeneration Stlth
                     l - ring of willpower
HPRegen 1.06/turn    j - ring of poison resistance
MPRegen 0.08/turn

%: no passive effects
@: no status effects
A: horns 2, retaliatory headbutt
a: no special abilities


You were on level 3 of the Dungeon.
You visited 1 branch of the dungeon, and saw 3 of its levels.

You collected 111 gold pieces.

Inventory:

Hand Weapons
 a - a +0 war axe (weapon)
Armour
 b - a +0 scale mail (worn)
 c - a +0 buckler (worn)
Jewellery
 i - a ring of flight
 j - a ring of poison resistance (right hand)
 k - an amulet of regeneration (around neck)
 l - a ring of willpower (left hand)
Scrolls
 h - a scroll of enchant weapon {unknown}
 o - a scroll of silence {unknown}
 p - a scroll of identify {unknown}
 q - a scroll of noise {unknown}
 r - a scroll of immolation {unknown}
Potions
 d - 2 potions of might
 e - a potion of curing {unknown}
 f - a potion of lignification {unknown}
 g - a potion of haste {unknown}
 m - a potion of flight {unknown}
 n - a potion of mutation {unknown}


   Skills:
 + Level 4.4 Fighting
 + Level 3.4 Axes
 + Level 4.4 Armour
 + Level 1.8 Dodging
 - Level 4.0 Shields


You had 3 spell levels left.
You didn't know any spells.
Your spell library contained the following spells:

 Spells                   Type           Power      Damage    Failure   Level
 Gell's Gravitas          Tloc           0%         N/A       99%         3
 Ozocubu's Armour         Ice            0%         N/A       99%         3
 Teleport Other           Tloc           0%         N/A       99%         3
 Dispersal                Tloc           0%         N/A       100%        6
 Ozocubu's Refrigeration  Ice            0%         4d7       100%        7


Dungeon Overview and Level Annotations

Branches:
Dungeon (3/15)

Altars:


Innate Abilities, Weirdness & Mutations

You have a pair of horns on your head.
You reflexively headbutt those who attack you in melee.


Message History

You see here an Inescapable Atlas.
The gnoll hits you with a +2 spear of pain.
You barely miss the gnoll. You block the gnoll's attack.
The gnoll closely misses you.
You closely miss the gnoll. You headbutt the gnoll.
The gnoll is heavily wounded.
The gnoll closely misses you. You block the gnoll's attack.
You barely miss the gnoll.
The gnoll is heavily wounded.
The gnoll closely misses you. You furiously retaliate!
You headbutt the gnoll!
You kill the gnoll!
The gnoll barely misses you. The gnoll closely misses you.
You see here a +2 spear of pain.
You barely miss the gnoll. The gnoll hits you with a +0 club.
The gnoll barely misses you.
You barely miss the gnoll. You block the gnoll's attack.
The gnoll hits you from afar with a +0 halberd!
You block the gnoll's attack.
The gnoll hits you from afar with a +0 halberd!
You are too injured to fight recklessly!
You are too injured to fight recklessly!
You are too injured to fight recklessly!
You are too injured to fight recklessly!
You are too injured to fight recklessly!
You are too injured to fight recklessly!
You are too injured to fight recklessly!
Unknown command.
You hit the gnoll.
The gnoll is lightly wounded.
The gnoll barely misses you.
The gnoll hits you from afar with a +0 halberd.
You slash the gnoll!
You kill the gnoll!
The gnoll hits you but does no damage. The gnoll hits you with a +0 halberd.
You see here a +0 club.
You closely miss the gnoll. The gnoll hits you with a +0 halberd!
* * * LOW HITPOINT WARNING * * *
The gnoll hits you with a +0 halberd!
You die...

### #.. #.# #.# #.##
#..## #####.#.######
.....###.<...########
#####.#.####.:.)@g..#
#.# ########.# #.# #
#


You could see a gnoll.

Vanquished Creatures
  2 gnolls (D:3)
  An adder (D:2)
  2 worms (D:2)
  A dart slug (D:1)
  6 ball pythons
  8 bats
  7 endoplasms
  7 giant cockroaches
  3 goblins (D:1)
  4 hobgoblins
  3 jackals (D:3)
  A quokka (D:1)
  3 frilled lizards
  3 kobolds
  4 rats
55 creatures vanquished.

Notes
Turn   | Place    | Note
-------+----------+-------------------------------------------
     0 | D:1      | blank1 the Minotaur Fighter began the quest for the Orb.
     0 | D:1      | Reached XP level 1. HP: 19/19 MP: 0/0
   152 | D:1      | Reached XP level 2. HP: 25/27 MP: 1/1
   342 | D:1      | Reached skill level 1 in Dodging
   436 | D:1      | Reached XP level 3. HP: 32/33 MP: 2/2
  1356 | D:2      | Reached XP level 4. HP: 40/40 MP: 3/3
  1534 | D:3      | Slain by a gnoll

Illustrated notes

Levels and vault maps discovered:
D:1:      psy_arrival_spokes, layout_basic, chequers_arboretum
D:2:      layout_loops_corners, nicolae_underground_beach
D:3:      layout_loops_ring, serial_shops, nicolae_diamond_shop,
          basic_ecumenical_altar

Skill      XL: |  1  2  3 |
---------------+----------+-----
Dodging        | 1 |  1.8
Armour         | 4 |  4.4
Fighting       | 4 |  4.4
Shields        | 4 |  4.0
Axes           | 3 |  3.4

Action                     |  1- 3 |  4- 6 || total
---------------------------+-------+-------++-------
  Melee: War axe           |    89 |    18 ||   107
         Headbutt          |    14 |     1 ||    15
 Armour: Scale mail        |    54 |     2 ||    56
  Dodge: Dodged            |    49 |    12 ||    61
  Block: Buckler           |    23 |     5 ||    28

Table legend: (Time is in decaauts)
 A = Elapsed time spent in this place.
 B = Non-inter-level travel time spent in this place.
 C = Inter-level travel time spent in this place.
 D = Time resting spent in this place.
 E = Time spent auto-exploring this place.
 F = Levels seen in this place.
 G = Mean time per level.
                   A        B        C        D        E       F      G
               +--------+--------+--------+--------+--------+-----+--------+
         Total |   1572 |   1544 |     28 |      0 |   1245 |   3 |  524.0 |
       Dungeon |   1572 |   1544 |     28 |      0 |   1245 |   3 |  524.0 |
               +--------+--------+--------+--------+--------+-----+--------+

Top non-repeatable levels by time:
     D:2: 873 daAuts
     D:1: 661 daAuts
     D:3: 37 daAuts
